[Event "Cappelle op 32nd"]
[Site "Cappelle la Grande"]
[Date "2016.02.19"]
[Round "8"]
[White "Berkes, Ferenc"]
[Black "Blomqvist, Erik"]
[Result "0-1"]
[ECO "A03"]
[WhiteElo "2649"]
[BlackElo "2515"]
[Annotator "Primel,D"]
[PlyCount "158"]
[EventDate "2016.02.13"]
[EventType "swiss"]
[EventRounds "9"]
[EventCountry "FRA"]
[SourceTitle "EXT 2017"]
[Source "ChessBase"]
[SourceDate "2016.10.25"]
[SourceVersion "1"]
[SourceVersionDate "2016.10.25"]
[SourceQuality "1"]
[TimeControl "40/5400+30:1800+30"]
[WhiteClock "1:30:00"]
[BlackClock "1:30:00"]

1. f4 $6 d5 2. Nf3 g6 3. e3 Bg7 4. d4 c5 5. c3 Nf6 6. Bd3 O-O 7. O-O b6 8. Qe2
Bb7 $11 9. Bd2 Qc8 10. Be1 Ba6 11. Bh4 Bxd3 $146 ({Pertinent:} 11... Qb7 12.
Ne5 Bxd3 13. Nxd3 Ne4 14. f5 Nc6 15. Nd2 c4 16. Nf4 Nxd2 17. Qxd2 Qd7 18. Qc2
Bh6 19. Rf3 e5 20. Nh5 Qd6 21. Nf6+ Kh8 22. Rh3 Ne7 23. Bg3 Nxf5 24. Bxe5 Qe6
25. g4 {1-0 (25) Abdulla,A (2514)-Hossain,E (2484) Dhaka 2008}) 12. Qxd3 Qa6
13. Qxa6 Nxa6 14. Nbd2 e6 15. Ne5 Rfc8 16. Bxf6 Bxf6 17. g4 Bg7 18. Kf2 Kf8 19.
Ke2 Ke7 20. h4 Nc7 21. Rh1 Ne8 22. h5 Nd6 23. a4 Rc7 24. hxg6 hxg6 25. Rh7 Rg8
26. Rah1 a6 27. Nd3 Rcc8 28. Kf3 Bf6 29. g5 Bg7 30. Ra1 a5 31. Rah1 Nf5 32. Ne5
Rc7 33. Nd3 Rb8 34. Ra1 Rcc8 35. Rhh1 Rh8 36. Kf2 Nd6 37. Ke2 Nf5 38. Kf2 Nd6
39. Ke2 Nf5 40. Kf3 Rhc8 41. Rh2 Rc7 42. Ra2 Rcc8 43. Ra1 Rc7 44. Rh7 Rcc8 45.
Nf1 c4 46. Nf2 Rh8 47. Rxh8 Rxh8 48. Ng3 f6 49. Nxf5+ exf5 50. Rb1 Kd6 51. b3
cxb3 52. Rxb3 Kc6 53. Rb5 fxg5 54. fxg5 Bf8 $15 55. Nd3 Bd6 56. Nb2 Rh3+ 57.
Ke2 Rh2+ 58. Kd1 $2 (58. Kf3) 58... f4 59. exf4 Bxf4 60. c4 Rd2+ 61. Kc1 dxc4
62. Rxb6+ Kxb6 63. Nxc4+ Kc6 64. Nxd2 Kd5 65. Kc2 Bxd2 66. Kxd2 Kxd4 67. Ke2
Ke4 68. Kd2 Kf4 69. Kd3 Kxg5 70. Kc4 Kf4 71. Kb5 g5 72. Kxa5 g4 73. Kb6 g3 74.
a5 g2 75. a6 g1=Q+ 76. Kb7 Qb1+ 77. Ka8 Qe4+ 78. Kb8 Qe8+ 79. Kb7 Qb5+ 0-1